NYP
ABERDEEN IRONBIRDS @ VANCOUVER CANADIANS
07/18/2048
 
TOP OF THE 1ST
Aberdeen Ironbirds batting - Pitching for Vancouver Canadians : RHP Robby Granados
Pitching: RHP Robby Granados
Batting: LHB Vinny Rivera 0-0: Ball
1-0: Called Strike
1-1: Ball
2-1: SINGLE (Groundball, 34D, EV 97.5 MPH)
Batting: RHB Maup Gommers 0-0: Ball
Vinny Rivera is caught stealing 2nd base 2-4
1-0: Ball
2-0: Ground out 5-3 (Groundball, 56D, EV 103.8 MPH)
Batting: LHB Pat Fontana 0-0: Ball
1-0: Foul Ball, location: 2F
1-1: Called Strike
1-2: Ground out 4-3 (Groundball, 34D, EV 100.6 MPH)
Top of the 1st over - 0 runs, 1 hit, 0 errors, 0 left on base; Aberdeen 0 - Vancouver 0
BOTTOM OF THE 1ST
Vancouver Canadians batting - Pitching for Aberdeen Ironbirds : RHP Steve Webb
Pitching: RHP Steve Webb
Batting: RHB Kennet Strijbis 0-0: Called Strike
0-1: Foul Ball, location: 2F
0-2: Strikes out looking
Batting: RHB Carlos Renteria 0-0: Ball
1-0: Ground out 3-1 (Groundball, 34S, EV 69.4 MPH)
Batting: RHB George King 0-0: Ball
1-0: Called Strike
1-1: Swinging Strike
1-2: Foul Ball, location: 2F
1-2: SINGLE (Groundball, 56S, EV 72.5 MPH) (infield hit)
Batting: RHB Brian Manson 0-0: Called Strike
George King steals 2nd base (no throw)
0-1: Called Strike
0-2: Ball
1-2: Ground out 6-3 (Groundball, 6, EV 79.4 MPH)
Bottom of the 1st over - 0 runs, 1 hit, 0 errors, 1 left on base; Aberdeen 0 - Vancouver 0
TOP OF THE 2ND
Aberdeen Ironbirds batting - Pitching for Vancouver Canadians : RHP Robby Granados
Batting: RHB Jonathan Mendoza 0-0: Foul Ball, location: 2F
0-1: Called Strike
0-2: Ball
1-2: Strikes out looking
Batting: LHB Sam Williams 0-0: Ball
1-0: Ball
2-0: Swinging Strike
2-1: Ball
3-1: Base on Balls
Batting: RHB Chris McGuirk 0-0: Ball
1-0: Ball
2-0: Called Strike
2-1: Swinging Strike
Balk!
Sam Williams to second
2-2: Strikes out looking
Batting: RHB Kevin Popowicz 0-0: Called Strike
0-1: Foul Ball, location: 2F
0-2: Ball
1-2: Fly out, F2 (Popup, 2LF, EV 98.8 MPH)
Top of the 2nd over - 0 runs, 0 hits, 0 errors, 1 left on base; Aberdeen 0 - Vancouver 0
BOTTOM OF THE 2ND
Vancouver Canadians batting - Pitching for Aberdeen Ironbirds : RHP Steve Webb
Batting: RHB Elliot Manfredini 0-0: Ball
1-0: DOUBLE (Line Drive, 89D, EV 107.5 MPH)
Batting: RHB Ricky Carbajal 0-0: Called Strike
0-1: Ball
1-1: Ground out 5-3 (Groundball, 56, EV 106.9 MPH)
Batting: RHB Dan Hilyer 0-0: Ball
Elliot Manfredini steals 3rd base
1-0: SINGLE (Groundball, 6S, EV 74.4 MPH) (infield hit)
Elliot Manfredini scores
Batting: RHB Gary Wilson 0-0: Called Strike
Dan Hilyer steals 2nd base (no throw)
0-1: Ground out 6-3 (Groundball, 6, EV 82.5 MPH)
Dan Hilyer to third
Batting: RHB Luis Vargas 0-0: Swinging Strike
0-1: Ball
1-1: Swinging Strike
1-2: Strikes out looking
Bottom of the 2nd over - 1 run, 2 hits, 0 errors, 1 left on base; Aberdeen 0 - Vancouver 1
TOP OF THE 3RD
Aberdeen Ironbirds batting - Pitching for Vancouver Canadians : RHP Robby Granados
Batting: RHB Simon Van Steenwyk 0-0: Called Strike
0-1: Ball
1-1: Ground out 6-3 (Groundball, 6, EV 83.1 MPH)
Batting: RHB Fernando Bravo 0-0: Called Strike
0-1: Called Strike
0-2: Strikes out swinging
Batting: LHB Vinny Rivera 0-0: Called Strike
0-1: Fly out, F7 (Line Drive, 78M, EV 105.6 MPH)
Top of the 3rd over - 0 runs, 0 hits, 0 errors, 0 left on base; Aberdeen 0 - Vancouver 1
BOTTOM OF THE 3RD
Vancouver Canadians batting - Pitching for Aberdeen Ironbirds : RHP Steve Webb
Batting: RHB Kennet Strijbis 0-0: Called Strike
0-1: Ground out U3 (Groundball, 34S, EV 85.0 MPH)
Batting: RHB Carlos Renteria 0-0: Ball
1-0: Ball
2-0: Called Strike
2-1: Foul Ball, location: 2F
2-2: Ground out U3 (Groundball, 34, EV 83.1 MPH)
Batting: RHB George King 0-0: Ball
1-0: Called Strike
1-1: Ball
2-1: Fly out, F7 (Flyball, 78S, EV 80.6 MPH)
Bottom of the 3rd over - 0 runs, 0 hits, 0 errors, 0 left on base; Aberdeen 0 - Vancouver 1
TOP OF THE 4TH
Aberdeen Ironbirds batting - Pitching for Vancouver Canadians : RHP Robby Granados
Batting: RHB Maup Gommers 0-0: DOUBLE (Line Drive, 5D, EV 96.2 MPH)
Batting: LHB Pat Fontana 0-0: Foul Ball, location: 2F
0-1: Fly out, F8 (Flyball, 8LM, EV 80.6 MPH)
Batting: RHB Jonathan Mendoza 0-0: Called Strike
0-1: Swinging Strike
0-2: Ball
1-2: Strikes out swinging
Batting: LHB Sam Williams 0-0: Ball
1-0: Ball
2-0: Called Strike
2-1: Called Strike
2-2: Ground out 6-3 (Groundball, 6M, EV 82.5 MPH)
Top of the 4th over - 0 runs, 1 hit, 0 errors, 1 left on base; Aberdeen 0 - Vancouver 1
BOTTOM OF THE 4TH
Vancouver Canadians batting - Pitching for Aberdeen Ironbirds : RHP Steve Webb
Batting: RHB Brian Manson 0-0: Ball
1-0: Ball
2-0: Foul Ball, location: 2F
2-1: Swinging Strike
2-2: Foul Ball, location: 2F
2-2: Strikes out swinging
Batting: RHB Elliot Manfredini 0-0: Called Strike
0-1: Ball
1-1: Ball
2-1: Ball
3-1: Foul Ball, location: 2F
3-2: Ground out 6-3 (Groundball, 6, EV 77.5 MPH)
Batting: RHB Ricky Carbajal 0-0: Ground out U3 (Groundball, 34, EV 102.5 MPH)
Bottom of the 4th over - 0 runs, 0 hits, 0 errors, 0 left on base; Aberdeen 0 - Vancouver 1
TOP OF THE 5TH
Aberdeen Ironbirds batting - Pitching for Vancouver Canadians : RHP Robby Granados
Batting: RHB Chris McGuirk 0-0: Ball
1-0: Swinging Strike
1-1: Foul Ball, location: 2F
1-2: Ball
2-2: Strikes out swinging
Batting: RHB Kevin Popowicz 0-0: Fly out, F4 (Popup, 4MD, EV 52.5 MPH)
Batting: RHB Simon Van Steenwyk 0-0: Called Strike
0-1: Ball
1-1: Ball
2-1: Foul Ball, location: 2F
2-2: Ball
3-2: Strikes out swinging
Top of the 5th over - 0 runs, 0 hits, 0 errors, 0 left on base; Aberdeen 0 - Vancouver 1
BOTTOM OF THE 5TH
Vancouver Canadians batting - Pitching for Aberdeen Ironbirds : RHP Steve Webb
Batting: RHB Dan Hilyer 0-0: Called Strike
0-1: Swinging Strike
0-2: Strikes out swinging
Batting: RHB Gary Wilson 0-0: Called Strike
0-1: Called Strike
0-2: Strikes out looking
Batting: RHB Luis Vargas 0-0: Ball
1-0: Ball
2-0: Swinging Strike
2-1: Called Strike
2-2: SINGLE (Flyball, 89M, EV 98.1 MPH)
Batting: RHB Kennet Strijbis 0-0: Called Strike
Luis Vargas is caught stealing 2nd base 2-4
Bottom of the 5th over - 0 runs, 1 hit, 0 errors, 0 left on base; Aberdeen 0 - Vancouver 1
TOP OF THE 6TH
Aberdeen Ironbirds batting - Pitching for Vancouver Canadians : RHP Robby Granados
Batting: RHB Fernando Bravo 0-0: SINGLE (Line Drive, 6M, EV 105.6 MPH)
Batting: LHB Vinny Rivera 0-0: Foul Ball, location: 2F
0-1: Ball
Pickoff Throw by Catcher to First - Error! E2
Fernando Bravo to second
1-1: Foul Ball, location: 2F
1-2: Strikes out swinging
Batting: RHB Maup Gommers 0-0: Ball
1-0: DOUBLE (Line Drive, 9LM, EV 88.8 MPH)
Fernando Bravo scores
Batting: LHB Pat Fontana 0-0: Called Strike
0-1: Ball
1-1: Ball
2-1: Ground out U3 (Groundball, 34S, EV 85.6 MPH)
Maup Gommers to third
Batting: RHB Jonathan Mendoza 0-0: Called Strike
0-1: Ball
1-1: Ball
2-1: Foul Ball, location: 2F
2-2: Foul Ball, location: 2F
2-2: Foul Ball, location: 2F
2-2: Ball
3-2: Strikes out swinging
Top of the 6th over - 1 run, 2 hits, 1 error, 1 left on base; Aberdeen 1 - Vancouver 1
BOTTOM OF THE 6TH
Vancouver Canadians batting - Pitching for Aberdeen Ironbirds : RHP Steve Webb
Batting: RHB Kennet Strijbis 0-0: Ball
1-0: Called Strike
1-1: Ball
2-1: Ball
3-1: Called Strike
3-2: Foul Ball, location: 2F
3-2: Strikes out swinging
Batting: RHB Carlos Renteria 0-0: Hit by Pitch
DELAY Rain delay of 30 minutes in the 6th inning.
Batting: RHB George King 0-0: Ball
1-0: Ball
2-0: DOUBLE (Line Drive, 78D, EV 107.5 MPH)
Carlos Renteria to third
Runner from 3rd tries for Home, SAFE, throw by CF to home
Pitching: RHP Dou-guan Ti
Batting: RHB Brian Manson 0-0: Called Strike
George King steals 3rd base
0-1: Swinging Strike
0-2: Strikes out swinging
Batting: RHB Elliot Manfredini 0-0: Foul Ball, location: 2F
0-1: Swinging Strike
0-2: Strikes out swinging
Bottom of the 6th over - 1 run, 1 hit, 0 errors, 1 left on base; Aberdeen 1 - Vancouver 2
TOP OF THE 7TH
Aberdeen Ironbirds batting - Pitching for Vancouver Canadians : RHP Robby Granados
Pitching: LHP Mike Hayden
Batting: LHB Sam Williams 0-0: Ball
1-0: Swinging Strike
1-1: Foul Ball, location: 2F
1-2: SINGLE (Groundball, 4MD, EV 101.9 MPH)
Pitching: RHP Danny Cervantes
Batting: RHB Chris McGuirk 0-0: Ball
1-0: Called Strike
1-1: Called Strike
1-2: Strikes out swinging
Batting: RHB Kevin Popowicz 0-0: Called Strike
0-1: Foul Ball, location: 2F
0-2: Ball
1-2: Strikes out swinging
Batting: RHB Simon Van Steenwyk 0-0: Foul Ball, location: 2F
0-1: Ball
1-1: Ball
2-1: Called Strike
2-2: Strikes out swinging
Top of the 7th over - 0 runs, 1 hit, 0 errors, 1 left on base; Aberdeen 1 - Vancouver 2
BOTTOM OF THE 7TH
Vancouver Canadians batting - Pitching for Aberdeen Ironbirds : RHP Dou-guan Ti
Batting: RHB Ricky Carbajal 0-0: Swinging Strike
0-1: Ground out 4-3 (Groundball, 34, EV 91.2 MPH)
Batting: RHB Dan Hilyer 0-0: SINGLE (Groundball, 5D, EV 95.0 MPH)
Pinch Hitting: LHB Ray Whitehead 0-0: Called Strike
0-1: Called Strike
Dan Hilyer steals 2nd, throwing error, E2
Dan Hilyer to third
0-2: Ball
1-2: Foul Ball, location: 2F
1-2: Ball
2-2: Ball
3-2: Intentional Walk
Batting: RHB Luis Vargas 0-0: Hit by Pitch
Ray Whitehead to second
Batting: RHB Kennet Strijbis 0-0: Ball
1-0: SINGLE (Groundball, 56D, EV 94.4 MPH)
Dan Hilyer scores
Ray Whitehead to third
Luis Vargas to second
Runner from 3rd tries for Home, SAFE, throw by LF to home
Batting: RHB Carlos Renteria 0-0: Ball
1-0: Ball
2-0: Called Strike
2-1: Fly out, F9 (Line Drive, 9, EV 101.9 MPH)
Batting: RHB George King 0-0: Ball
1-0: Fielders Choice at 2nd, 6-4 (Groundball, 56, EV 83.1 MPH)
Bottom of the 7th over - 2 runs, 2 hits, 1 error, 2 left on base; Aberdeen 1 - Vancouver 4
TOP OF THE 8TH
Aberdeen Ironbirds batting - Pitching for Vancouver Canadians : RHP Danny Cervantes
Now at 1B: Victor Ayala
Batting: RHB Fernando Bravo 0-0: Ball
1-0: Ball
2-0: Called Strike
2-1: Fly out, F7 (Flyball, 7, EV 92.5 MPH)
Batting: LHB Vinny Rivera 0-0: Called Strike
0-1: Foul Ball, location: 2F
0-2: Fly out, F9 (Line Drive, 9, EV 91.2 MPH)
Batting: RHB Maup Gommers 0-0: Ball
1-0: Called Strike
1-1: Ball
2-1: Foul Ball, location: 2F
2-2: Strikes out looking
Top of the 8th over - 0 runs, 0 hits, 0 errors, 0 left on base; Aberdeen 1 - Vancouver 4
BOTTOM OF THE 8TH
Vancouver Canadians batting - Pitching for Aberdeen Ironbirds : RHP Dou-guan Ti
Batting: RHB Brian Manson 0-0: Ball
1-0: Ball
2-0: Ball
3-0: Called Strike
3-1: Called Strike
3-2: Foul Ball, location: 2F
3-2: Strikes out looking
Batting: RHB Elliot Manfredini 0-0: Ball
1-0: Foul Ball, location: 2F
1-1: Foul Ball, location: 2F
1-2: Ball
2-2: SINGLE (Groundball, 25, EV 70.0 MPH) (infield hit)
Batting: RHB Ricky Carbajal 0-0: Called Strike
0-1: Grounds into double play, 5-4-3 (Groundball, 56S, EV 85.6 MPH)
Bottom of the 8th over - 0 runs, 1 hit, 0 errors, 0 left on base; Aberdeen 1 - Vancouver 4
TOP OF THE 9TH
Aberdeen Ironbirds batting - Pitching for Vancouver Canadians : RHP Danny Cervantes
Pitching: RHP Takehide Tanaka
Batting: LHB Pat Fontana 0-0: Fly out, F7 (Line Drive, 7, EV 102.5 MPH)
Batting: RHB Jonathan Mendoza 0-0: Ball
1-0: Swinging Strike
1-1: Called Strike
1-2: Ball
2-2: Ball
3-2: Strikes out swinging
Batting: LHB Sam Williams 0-0: Swinging Strike
0-1: Ball
1-1: Ball
2-1: Swinging Strike
2-2: Foul Ball, location: 2F
2-2: Ball
3-2: Base on Balls
Batting: RHB Chris McGuirk 0-0: Called Strike
0-1: Foul Ball, location: 2F
0-2: Fielders Choice at 2nd, 6-4 (Groundball, 6, EV 80.6 MPH)
Top of the 9th over - 0 runs, 0 hits, 0 errors, 1 left on base; Aberdeen 1 - Vancouver 4
Tuesday, March 28th , 2023 - OOTP Baseball 23.10 Build 110